 Dungeon Crawl Stone Soup version 0.22-a0-348-gd16d139 (webtiles) character file.

90 mhoghedin the Sneak (level 4, -4/26 HPs)
             Began as a Kobold Enchanter on Apr 9, 2018.
             Was an Initiate of Kikubaaqudgha.
             Killed from afar by Natasha (9 damage)
             ... with a wand of flame (22)
             ... on level 2 of the Dungeon.
             The game lasted 00:05:56 (2000 turns).

mhoghedin the Sneak (Kobold Enchanter)              Turns: 2000, Time: 00:05:57

Health: -4/26      AC:  2    Str:  5    XL:     4   Next: 85%
Magic:  1/7        EV: 15    Int: 17    God:    Kikubaaqudgha [......]
Gold:   67         SH:  0    Dex: 15    Spells: 4/7 levels left

rFire    . . .     SeeInvis .   c - +0 dagger (protect)
rCold    . . .     Gourm    .   (shield restricted)
rNeg     . . .     Faith    .   b - +0 robe
rPois    .         Spirit   .   (no helmet)
rElec    .         Reflect  .   (no cloak)
rCorr    .         Harm     .   (no gloves)
MR       .....                  (no boots)
Stlth    +++.......             (no amulet)
HPRegen  0.08/turn              (no ring)
MPRegen  0.10/turn              (no ring)

@: no status effects
A: small, carnivore
a: Renounce Religion


You were on level 2 of the Dungeon.
You worshipped Kikubaaqudgha.
Kikubaaqudgha was noncommittal.
You were very full.

You visited 1 branch of the dungeon, and saw 2 of its levels.

You collected 67 gold pieces.

Inventory:

Hand Weapons
 a - a +1 dagger
 c - a +0 dagger of protection (weapon)
   (You found it on level 1 of the Dungeon)
Armour
 b - a +0 robe (worn)
 e - a +0 pair of gloves
   (You found it on level 1 of the Dungeon)
Wands
 l - a wand of flame (36)
   (You found it on level 2 of the Dungeon)
Scrolls
 f - a scroll of identify
 g - a scroll of amnesia {unknown}
 j - a scroll of remove curse {unknown}
Potions
 h - a potion of heal wounds {unknown}
 i - a potion of flight {unknown}
 k - a potion of curing
Comestibles
 d - 3 rations


   Skills:
 - Level 1.8 Fighting
 - Level 1.5 Short Blades
 - Level 2.4 Dodging
 - Level 5.0 Stealth
 - Level 2.1 Spellcasting
 + Level 3.6 Hexes
 + Level 1.8 Ice Magic


You had 4 spell levels left.
You knew the following spells:

 Your Spells              Type           Power        Failure   Level  Hunger
a - Ensorcelled Hibernat  Hex/Ice        ##....       10%         2    ###....
v - Corona                Hex            ##.....      4%          1    #......


Dungeon Overview and Level Annotations

Branches:
Dungeon (2/15)

Altars:
Hepliaklqana
Kikubaaqudgha
Qazlal
Yredelemnul

Annotations:
D:2 Natasha


Innate Abilities, Weirdness & Mutations

You are small and have problems with some larger weapons.
You are carnivorous and can eat meat at any time.


Message History

Your weapon exudes an aura of protection.
You kill the giant cockroach!
Kikubaaqudgha accepts your kill.
No target in view!
d - 3 rations (gained 1)
A worm comes into view.
A worm is nearby!
Aim: a worm (hasn't noticed you, chance to defeat MR: 50%)
The worm looks drowsy...
You now have 5/7 mp.
The helpless worm fails to defend itself.
You impale the worm!!
Your weapon exudes an aura of protection.
You kill the worm!
Kikubaaqudgha accepts your kill.
No target in view!
Okay, then.
Unknown command.
Natasha, Servant of Life and Death comes into view.
You start resting.
MP restored: 7
Found three altars.
No target in view!
No target in view!
There is an open door here.
There is an open door here.
Natasha is too close now for your liking.
Aim: Natasha (hasn't noticed you, chance to defeat MR: 41%) Natasha hisses angrily.
Natasha looks drowsy...
You now have 5/7 mp.
The helpless Natasha fails to defend herself.
You puncture Natasha!
Your weapon exudes an aura of protection.
You kill Natasha!
Kikubaaqudgha accepts your kill.
Natasha screams in fury as she dies!
You see here the felid corpse of Natasha.
You butcher the felid corpse of Natasha.
l - a chunk of flesh {@w0} You see here the felid skeleton of Natasha.
Eating a chunk of flesh {@w0}.
You eat the chunk of flesh {@w0}.
This raw flesh tastes great.
You open the door.
Found a hazy altar of Hepliaklqana.
MP restored: 7
There is an open door here.
There is an open door here.
You now have 67 gold pieces (gained 8).
A rat comes into view.
The rat barely misses you.
You barely miss the rat. The rat misses you.
You hit the rat.
Your weapon exudes an aura of protection.
The rat misses you.
You completely miss the rat. The rat closely misses you.
You hit the rat but do no damage. You closely miss the rat.
The rat twitches its whiskers.
The rat bites you but does no damage.
You barely miss the rat. The rat bites you but does no damage.
A rat is nearby!
A rat is nearby!
You hit the rat.
You kill the rat!
Kikubaaqudgha accepts your kill.
No target in view!
l - a wand of flame (36) Natasha, Servant of Life and Death comes into view.
Natasha hisses angrily.
Natasha claws you.
You take 6 damage, and have 20/26 hp.
MASSIVE DAMAGE!!
Aim: Natasha (chance to defeat MR: 42%) Natasha resists with some effort.
Natasha stares at you and mumbles some strange words.
The magic dart hits you!
You take 5 damage, and have 15/26 hp.
You now have 5/7 mp.
Aim: Natasha (chance to defeat MR: 42%) Natasha resists with some effort.
Natasha claws you.
You take 2 damage, and have 13/26 hp.
You now have 3/7 mp.
Aim: Natasha (chance to defeat MR: 42%) Natasha resists with some effort.
Natasha zaps a wand.
The puff of flame hits you!
* * * LOW HITPOINT WARNING * * *
It is a wand of flame (22).
You take 8 damage, and have 5/26 hp.
MASSIVE DAMAGE!!
You now have 1/7 mp.
Okay, then.
Unknown command.
Unknown command.
As you read the scroll labeled BOOR GOATILAU, it crumbles to dust.
It is a scroll of identify.
k - a potion of curing Natasha zaps a wand.
The puff of flame hits you!
You die...
Kikubaaqudgha rasps: "You have failed me!
Welcome... death!"

### ..# ### #.# ##.##
#.# ##...##
#####.#####.....##
#.[h@............#
#.###.###.#.....#####
#.##...#........#
..#.........###.#
.####..)#####..... #.
##.## #..... . #.#
#..#.# .# #.# #..#..
#+# #..##.


You could see Natasha.

Vanquished Creatures
  Natasha (twice) (D:2)
  An ooze (D:1)
  A worm (D:2)
  A leopard gecko (D:2)
  A giant cockroach (D:2)
  6 goblins (D:1)
  3 hobgoblins (D:1)
  7 bats
  4 frilled lizards (D:1)
  A kobold (D:1)
  8 rats
35 creatures vanquished.

Notes
Turn   | Place    | Note
-------+----------+-------------------------------------------
     0 | D:1      | mhoghedin the Kobold Enchanter began the quest for the Orb.
     0 | D:1      | Reached XP level 1. HP: 10/10 MP: 3/3
    74 | D:1      | Reached skill level 1 in Fighting
    74 | D:1      | Reached XP level 2. HP: 16/16 MP: 5/5
   689 | D:1      | Learned a level 2 spell: Ensorcelled Hibernation
   706 | D:1      | Reached XP level 3. HP: 19/20 MP: 6/6
   828 | D:1      | HP: 3/21 [goblin/dagger (5)]
   831 | D:1      | Reached skill level 5 in Stealth
   853 | D:1      | HP: 2/21 [hobgoblin/club (3)]
  1141 | D:1      | Found an ancient bone altar of Kikubaaqudgha.
  1151 | D:1      | Became a worshipper of Kikubaaqudgha
  1317 | D:2      | Noticed Natasha
  1331 | D:2      | HP: 5/21 [Natasha/magic dart (8)]
  1625 | D:2      | Killed Natasha
  1625 | D:2      | Reached skill level 1 in Ice Magic
  1625 | D:2      | Reached XP level 4. HP: 20/26 MP: 2/7
  1859 | D:2      | Noticed Natasha
  1879 | D:2      | Found an ancient bone altar of Kikubaaqudgha.
  1879 | D:2      | Found a stormy altar of Qazlal.
  1879 | D:2      | Found a basalt altar of Yredelemnul.
  1900 | D:2      | Killed Natasha
  1928 | D:2      | Found a hazy altar of Hepliaklqana.
  1994 | D:2      | Noticed Natasha
  1999 | D:2      | HP: 5/26 [Natasha/wand of flame (23) (8)]
  2000 | D:2      | Killed from afar by Natasha

Vault maps used:
D:1:      dpeg_arrival_erosion, minmay_hexomino_r4
D:2:      grunt_temple_overflow_cloverleaf, nicolae_qazlal_eye_of_the_storm,
          uniq_natasha, uniq_robin

Skill      XL: |  1  2  3 |
---------------+----------+-----
Fighting       | 1 |  1.8
Stealth        | 5 |  5.0
Ice Magic      | 1 |  1.8
Short Blades   | |  1.5
Dodging        | |  2.4
Spellcasting   | |  2.1
Hexes          | |  3.6

Action                   |  1- 3 |  4- 6 || total
-------------------------+-------+-------++-------
Melee: Dagger            |   170 |    22 ||   192
 Cast: Ensorcelled Hiber |     7 |     5 ||    12
  Use: Potion            |     1 |       ||     1
       Scroll            |       |     1 ||     1
 Stab: Sleeping          |    12 |     3 ||    15
  Eat: Chunk             |    10 |     1 ||    11
Armor: Robe              |    46 |     6 ||    52
Dodge: Dodged            |   136 |    21 ||   157

Table legend:
 A = Spawn XP
 B = Non-spawn XP
 C = Spawn XP percentage of total XP
 D = Spawn monster count
 E = Non-spawn monster count
 F = Spawn count percentage of total count
 G = Total turns spent on level
                    A         B        C        D         E        F      G
               +---------+---------+-------+---------+---------+-------+---------
         Total |       0 |     129 |   0.0 |       0 |      35 |   0.0 |  2000
               +---------+---------+-------+---------+---------+-------+---------
           D:1 |       0 |      45 |   0.0 |       0 |      28 |   0.0 |  1530
           D:2 |       0 |      84 |   0.0 |       0 |       7 |   0.0 |   470
               +---------+---------+-------+---------+---------+-------+---------

Vault maps used:
D:1:      dpeg_arrival_erosion, minmay_hexomino_r4
D:2:      grunt_temple_overflow_cloverleaf, nicolae_qazlal_eye_of_the_storm,
          uniq_natasha, uniq_robin

Table legend:
 A = Turns spent in this place as a percentage of turns spent in the entire game.
 B = Non-inter-level travel turns spent in this place as a percentage of non-inter-level travel turns spent in the entire game.
 C = Inter-level travel turns spent in this place as a percentage of turns spent in this place.
 D = Turns resting spent in this place as a percentage of non-inter-level travel turns spent in this place.
 E = Turns spent auto-exploring this place as a percentage of non-inter-level travel turns spent in this place.
 F = Non-inter-level travel turns spent in this place divided by the number of levels of this place that you've seen.
                   A       B       C       D       E      F
               +-------+-------+-------+-------+-------+----------------------
         Total | 100.0 | 100.0 |   1.4 |  42.7 |  34.3 | 986.0
       Dungeon | 100.0 | 100.0 |   1.4 |  42.7 |  34.3 | 986.0
               +-------+-------+-------+-------+-------+----------------------

Table legend:
 A = Kills in this place as a percentage of kills in entire the game.
 B = Kills by you in this place as a percentage of kills by you in the entire game.
 C = Kills by friends in this place as a percentage of kills by friends in the entire game.
 D = Other kills in this place as a percentage of other kills in the entire game.
 E = Experience gained in this place as a percentage of experience gained in the entire game.
 F = Experience gained in this place divided by the number of levels of this place that you have seen.
                   A       B       C       D       E      F
               +-------+-------+-------+-------+-------+----------------------
         Total | 100.0 | 100.0 |   N/A |   N/A | 100.0 |  64.5
       Dungeon | 100.0 | 100.0 |   N/A |   N/A | 100.0 |  64.5
               +-------+-------+-------+-------+-------+----------------------
